Map: Ruins of Seras

Players

Reynor

  • Race: Zerg Zerg
  • League: Grandmaster

Solar - Winner!

  • Race: Zerg Zerg
  • League: Gold

Event: DreamHack ROCCAT LotV Championship

VOD

Have the link to the VOD?

Description

Time

  • Played on: Nov. 26, 2015, 5:57 a.m.
  • Length: 23:26

All games in this series

Show
View Real Time Build Order
Export as new Build Order

Reynor Zerg 

Build Orders: Pool First 

Get SALT Encoding   

  12  0:00  Drone  
  13  0:07  Extractor  
  12  0:25  Spawning Pool  
  11  0:29  Drone  
  12  0:35  Drone  
  13  0:45  Drone  
  14  0:55  Overlord  
  14  1:11  Metabolic Boost  
  14  1:14  Drone  
  14  1:15  Drone  
  16  1:25  Queen  
  18  1:29  Zergling x2  
  19  1:33  Zergling x2  
  20  1:40  Zergling x2  
  21  1:50  Drone  
  22  2:04  Hatchery  
  22  2:07  Zergling x2  
  22  2:10  Zergling x2, Extractor  
  23  2:18  Overlord  
  23  2:36  Zergling x2  
  24  2:37  Queen  
  24  2:38  Zergling x4  
  24  2:40  Zergling x2  
  29  2:45  Zergling x2  
  30  2:54  Overlord  
  30  3:13  Zergling x6  
  30  3:15  Drone  
  30  3:16  Drone  
  30  3:18  Queen  
  37  3:27  Drone x2  
  37  3:32  Spine Crawler  
  37  3:35  Zergling x2  
  37  3:39  Zergling x2  
  39  3:44  Drone  
  39  3:45  Zergling x2  
  42  3:48  Drone  
  42  3:51  Drone  
  43  3:57  Drone  
  43  3:59  Overlord  
  44  4:12  Overlord  
  44  4:19  Zergling x4  
  44  4:23  Zergling x8  
  49  4:36  Zergling x8  
  49  4:37  Zergling x2  
  52  4:43  Drone  
  47  4:56  Zergling x4  
  47  4:57  Zergling x6  
  39  5:01  Zergling x4  
  39  5:03  Zergling x2  
  39  5:06  Baneling Nest  
  34  5:15  Zergling x2  
  34  5:20  Drone  
  36  5:25  Zergling x2  
  36  5:27  Zergling x2  
  37  5:29  Drone  
  37  5:33  Zergling x2  
  39  5:38  Zergling x2  
  39  5:39  Drone x2  
  39  5:41  Drone  
  43  5:48  Zergling x2  
  43  5:52  Drone  
  43  5:53  Baneling x3  
  44  5:59  Zergling x4  
  44  6:01  Zergling x2  
  44  6:02  Zergling x4  
  48  6:05  Zergling x2  
  48  6:06  Drone  
  48  6:09  Zergling x2  
  44  6:11  Baneling  
  44  6:12  Baneling  
  44  6:14  Zergling x2  
  44  6:18  Drone  
  42  6:23  Zergling x2  
  42  6:24  Drone  
  40  6:26  Baneling  
  40  6:28  Drone x2, Baneling  
  40  6:30  Drone  
  43  6:36  Drone x2  
  45  6:42  Baneling  
  45  6:44  Zergling x6  
  47  6:47  Zergling x2  
  47  6:48  Zergling x2  
  49  6:55  Evolution Chamber  
  49  6:57  Zergling x2  
  47  7:06  Zergling x2  
  47  7:08  Drone  
  48  7:12  Drone, Queen  
  49  7:17  Extractor  
  49  7:18  Evolution Chamber  
  49  7:20  Drone x4  
  51  7:25  Zerg Melee Weapons Level 1  
  51  7:29  Overlord  
  52  7:39  Baneling  
  52  7:40  Overlord  
  52  7:53  Drone x7  
  59  8:03  Hatchery  
  59  8:04  Zergling x2  
  59  8:05  Evolution Chamber, Zergling x2  
  58  8:19  Zergling x8  
  59  8:21  Zergling x2  
  60  8:28  Zergling x2  
  60  8:32  Zerg Ground Armor Level 1  
  60  8:38  Zergling x8  
  60  8:40  Baneling x5  
  62  8:41  Zergling x2  
  62  8:45  Zergling x6  
  62  8:47  Zergling x2  
  65  8:59  Zergling x4  
  65  9:03  Zergling x2  
  65  9:04  Zergling x2  
  65  9:08  Queen  
  65  9:09  Hatchery  
  67  9:12  Overlord  
  67  9:19  Queen  
  67  9:22  Spore Crawler  
  68  9:27  Overlord  
  68  9:28  Spore Crawler  
  64  9:37  Spore Crawler  
  63  9:45  Spore Crawler  
  62  9:46  Zergling x4  
  62  9:47  Zergling x6  
  66  9:58  Zergling x6  
  68  10:03  Overlord  
  63  10:08  Zergling x8  
  63  10:09  Zergling x2  
  63  10:12  Zergling x2  
  69  10:15  Drone  
  69  10:17  Drone  
  70  10:24  Overlord  
  70  10:30  Drone x2  
  70  10:31  Spore Crawler  
  70  10:34  Zergling x6  
  74  10:41  Zergling x6  
  75  10:49  Zergling x4  
  75  10:51  Zergling x2  
  75  10:52  Zergling x4  
  75  10:54  Zergling x4  
  72  11:05  Drone x3  
  72  11:06  Drone x2, Queen  
  78  11:11  Lair  
  77  11:20  Zergling x10  
  78  11:31  Queen  
  78  11:32  Zergling x4  
  80  11:33  Spore Crawler, Baneling  
  80  11:36  Drone x3  
  82  11:42  Drone x2  
  82  11:44  Spore Crawler  
  82  11:45  Drone x2  
  85  11:50  Spore Crawler  
  85  11:51  Drone x2  
  85  11:52  Drone  
  82  12:03  Drone x2  
  82  12:04  Drone x3  
  82  12:07  Zergling x6  
  90  12:15  Zergling x4  
  92  12:19  Hydralisk Den, Queen x2  
  95  12:27  Zergling x2  
  95  12:29  Drone  
  89  12:32  Overlord, Zergling x2  
  89  12:33  Zergling x4  
  92  12:38  Overlord  
  92  12:41  Extractor  
  92  12:42  Infestation Pit  
  92  12:43  Overlord, Extractor  
  89  12:46  Extractor  
  89  12:47  Extractor  
  89  12:50  Lurker Den  
  87  12:51  Zergling x8  
  87  12:52  Zergling x8  
  87  12:57  Overlord  
  95  12:58  Drone x3  
  95  13:05  Drone x2  
  100  13:06  Drone  
  101  13:18  Baneling  
  101  13:20  Overlord, Hydralisk  
  101  13:21  Pathogen Glands, Hydralisk x2  
  107  13:29  Hydralisk x4  
  115  13:35  Overlord  
  98  13:49  Hydralisk x3  
  98  13:51  Zergling x10  
  98  13:52  Zergling x10  
  98  13:53  Zergling x2  
  104  13:57  Hydralisk  
  104  13:59  Infestor  
  104  14:01  Infestor  
  110  14:05  Infestor  
  112  14:18  Hydralisk x3  
  112  14:21  Hydralisk  
  112  14:22  Hydralisk x2  
  124  14:28  Lurker x3  
  127  14:37  Zergling x10  
  129  14:49  Overlord, Queen x2  
  125  14:55  Hydralisk x3  
  125  14:56  Hydralisk  
  133  15:09  Hatchery, Baneling  
  133  15:13  Zergling x8  
  136  15:17  Hydralisk  
  136  15:20  Burrow  
  138  15:27  Lurker, Hydralisk x2  
  135  15:43  Zergling x2  
  135  15:44  Zergling x16  
  130  15:53  Hydralisk x2  
  132  16:02  Overlord  
  127  16:08  Drone x2  
  129  16:12  Lurker  
  130  16:22  Hydralisk x2  
  130  16:35  Hydralisk x3  
  131  16:50  Drone x2  
  131  16:51  Drone x2  
  131  16:52  Drone x5  
  134  17:08  Hydralisk x4  
  139  17:17  Lurker x3  
  139  17:19  Spore Crawler  
  139  17:20  Infestor x3  
  139  17:21  Hydralisk x2  
  145  17:26  Spore Crawler  
  145  17:29  Hydralisk  
  146  17:32  Hydralisk x29  
  147  17:38  Overseer  
  147  17:41  Spore Crawler  
  147  17:42  Baneling  
  147  17:43  Zergling x8  
  147  17:44  Zergling x2  
  143  18:01  Overlord  
  143  18:04  Overlord  
  138  18:07  Spore Crawler  
  138  18:12  Spore Crawler  
  136  18:13  Spore Crawler  
  136  18:14  Spore Crawler  
  136  18:17  Spore Crawler x2  
  132  18:22  Zergling x26  
  145  18:28  Zergling x8  
  145  18:31  Baneling x3  
  145  18:32  Baneling  
  145  18:33  Baneling  
  149  18:39  Spore Crawler  
  148  18:45  Drone x2  
  144  18:50  Drone  
  120  19:14  Zergling x10  
  96  19:21  Zergling x2  
  59  19:42  Drone x2  
  59  19:43  Drone  
  59  19:45  Queen  
  55  19:55  Infestation Pit  
  54  20:01  Queen  
  57  20:07  Zergling x6  
  57  20:30  Baneling x2  
  53  20:36  Infestor x3  
  53  20:41  Infestor  
  54  21:14  Baneling  
  43  21:30  Infestor  
  43  21:42  Spawning Pool  
  43  21:46  Queen  
  42  21:50  Infestor  
  42  22:09  Hatchery  
  40  22:21  Infestor x2  
  40  22:23  Infestor  
  40  22:29  Zergling x16  
  50  22:30  Zergling x2  
  51  22:41  Zergling x4  
  53  22:44  Zergling x2  
  51  23:04  Zergling x2  
  51  23:05  Zergling x6  
Show
View Real Time Build Order
Export as new Build Order

Solar Zerg - Winner!

Build Orders: Hatch First 

Get SALT Encoding   

  12  0:00  Drone  
  13  0:13  Overlord  
  13  0:18  Drone  
  14  0:31  Drone x2  
  14  0:35  Drone  
  17  0:53  Hatchery  
  17  0:55  Drone  
  17  0:59  Drone  
  18  1:05  Extractor  
  18  1:07  Drone  
  18  1:17  Spawning Pool  
  17  1:21  Drone  
  18  1:28  Drone  
  19  1:39  Overlord  
  19  1:57  Drone  
  20  2:04  Queen, Zergling x2  
  20  2:05  Zergling x2, Queen  
  26  2:08  Metabolic Boost  
  26  2:13  Drone  
  27  2:17  Drone  
  28  2:24  Baneling Nest  
  28  2:25  Drone  
  28  2:28  Drone  
  29  2:37  Drone  
  29  2:38  Drone  
  31  2:45  Zergling x2  
  31  2:48  Zergling x2  
  33  2:51  Spine Crawler  
  33  2:52  Evolution Chamber  
  33  2:56  Zergling x2  
  32  3:00  Zergling x2  
  30  3:07  Baneling x4  
  30  3:09  Zergling x2  
  30  3:11  Zergling x2  
  31  3:14  Zergling x2  
  31  3:16  Overlord  
  33  3:24  Baneling Nest  
  32  3:30  Zergling x4  
  34  3:39  Zergling x2  
  35  3:43  Zergling x2  
  35  3:44  Zergling x6  
  39  3:49  Zergling x4  
  41  3:58  Queen  
  43  4:08  Drone  
  43  4:09  Overlord  
  44  4:15  Baneling  
  44  4:22  Baneling x2  
  44  4:23  Overlord  
  44  4:28  Drone x3  
  44  4:29  Drone  
  47  4:33  Drone x2  
  47  4:36  Zergling x2  
  49  4:44  Zergling x2  
  50  4:51  Zergling x2  
  44  4:56  Zergling x2  
  40  5:09  Zergling x2  
  40  5:10  Zergling x2  
  40  5:12  Zergling x2  
  43  5:14  Zergling x2  
  43  5:16  Zergling x2  
  43  5:17  Zergling x2  
  43  5:21  Zergling x2  
  45  5:22  Zergling x2  
  46  5:33  Zergling x10  
  51  5:39  Baneling x3  
  51  5:40  Baneling x2  
  51  5:43  Zergling x2, Baneling x2  
  51  5:45  Zergling x2  
  50  5:56  Drone x2, Queen  
  54  6:04  Zergling x2  
  54  6:05  Drone x2  
  54  6:06  Drone  
  54  6:12  Baneling x2  
  54  6:15  Zergling x2  
  54  6:18  Zergling x2  
  47  6:29  Lair  
  47  6:32  Zergling x2, Extractor  
  47  6:33  Extractor  
  47  6:36  Drone x2  
  48  6:41  Drone  
  48  6:46  Extractor  
  47  6:47  Drone  
  47  6:48  Drone x2  
  47  6:50  Zergling x2  
  47  6:51  Baneling x2  
  47  6:53  Zergling x2  
  52  6:54  Baneling  
  48  7:02  Zergling x2  
  48  7:06  Drone  
  49  7:08  Drone  
  47  7:16  Drone x6  
  47  7:21  Overlord  
  53  7:27  Overlord  
  53  7:30  Spire  
  53  7:33  Drone  
  53  7:37  Drone  
  53  7:43  Drone  
  56  7:44  Zergling x6  
  56  7:46  Overlord  
  56  7:47  Zergling x2  
  56  7:48  Zergling x2  
  60  7:59  Drone  
  60  8:03  Overlord  
  61  8:05  Zergling x2  
  61  8:06  Overseer  
  61  8:11  Zergling x2  
  62  8:13  Overlord  
  62  8:14  Hatchery, Zergling x8  
  64  8:20  Zergling x6  
  66  8:29  Zergling x2  
  66  8:35  Zergling x2  
  66  8:36  Baneling x2  
  66  8:39  Drone  
  68  8:42  Drone  
  68  8:43  Mutalisk  
  68  8:44  Mutalisk x4  
  78  8:50  Mutalisk  
  78  8:52  Extractor  
  78  8:53  Extractor  
  78  8:59  Mutalisk x2  
  82  9:04  Mutalisk  
  83  9:12  Mutalisk  
  83  9:16  Drone x7  
  92  9:22  Zerg Flyer Weapons Level 1  
  92  9:25  Overlord  
  90  9:34  Drone  
  90  9:37  Mutalisk  
  95  9:43  Mutalisk x2  
  99  9:47  Overlord  
  99  9:49  Zergling x2  
  100  9:53  Zergling x2  
  100  9:54  Zergling x4  
  100  9:58  Zergling x2  
  100  9:59  Zergling x4  
  106  10:04  Mutalisk  
  109  10:07  Zergling x4  
  109  10:13  Zergling x2  
  106  10:24  Mutalisk  
  106  10:25  Hatchery, Mutalisk  
  106  10:27  Overlord  
  108  10:32  Overlord  
  108  10:36  Baneling x2  
  108  10:40  Overlord  
  105  10:48  Mutalisk  
  105  10:49  Mutalisk  
  104  10:56  Zergling x2  
  92  10:59  Zergling x2  
  92  11:00  Zergling x2  
  92  11:01  Evolution Chamber, Roach Warren, Zergling x8  
  92  11:03  Zergling x2  
  94  11:15  Zergling x2  
  94  11:16  Zergling x2  
  94  11:20  Baneling x2  
  94  11:22  Hatchery  
  94  11:24  Zergling x2  
  94  11:25  Zergling x2  
  87  11:28  Zergling x6  
  89  11:33  Queen  
  89  11:39  Hydralisk Den  
  90  11:42  Zerg Ground Armor Level 1  
  91  11:47  Baneling x2  
  91  11:49  Zerg Flyer Armor Level 1  
  91  11:54  Drone  
  91  11:57  Drone  
  91  12:00  Drone  
  94  12:04  Baneling x2  
  94  12:08  Evolution Chamber  
  93  12:11  Mutalisk  
  95  12:17  Mutalisk  
  95  12:21  Drone x2  
  99  12:28  Baneling x2  
  98  12:31  Mutalisk  
  98  12:33  Baneling  
  98  12:34  Drone  
  101  12:40  Mutalisk  
  103  12:45  Queen  
  103  12:51  Zerg Melee Weapons Level 1  
  105  12:55  Mutalisk  
  105  12:57  Drone  
  108  13:00  Drone, Extractor  
  108  13:01  Extractor  
  108  13:03  Drone  
  108  13:06  Drone  
  109  13:13  Mutalisk x2  
  113  13:21  Overlord  
  113  13:22  Drone x3  
  113  13:26  Mutalisk x2  
  118  13:30  Zergling x4  
  122  13:37  Zergling x4  
  124  13:46  Zergling x12  
  124  13:47  Zergling x2  
  125  13:50  Zergling x2  
  125  13:51  Zergling x2  
  127  13:56  Baneling x2  
  127  13:57  Baneling x3  
  127  14:05  Overlord  
  127  14:06  Mutalisk x2  
  131  14:21  Centrifical Hooks  
  131  14:29  Hatchery, Mutalisk  
  134  14:32  Overlord  
  134  14:34  Baneling x2  
  133  14:51  Hatchery  
  130  14:53  Drone  
  130  14:56  Drone x3  
  134  15:02  Baneling x2  
  134  15:03  Baneling x5  
  134  15:06  Zergling x2  
  135  15:16  Zergling x4  
  137  15:23  Drone x2  
  137  15:27  Mutalisk  
  141  15:34  Mutalisk  
  143  15:42  Mutalisk  
  135  15:43  Zergling x2  
  135  15:48  Mutalisk  
  137  15:53  Mutalisk  
  137  15:55  Zergling x2  
  135  15:58  Zergling x2  
  135  16:01  Zergling x4  
  134  16:04  Zergling x2  
  134  16:08  Zergling x2  
  134  16:09  Zergling x2  
  137  16:16  Zergling x10  
  142  16:18  Mutalisk  
  142  16:24  Zergling x2  
  145  16:26  Zergling x2  
  145  16:27  Zergling x6  
  145  16:31  Overlord  
  149  16:33  Baneling  
  149  16:34  Baneling x6  
  149  16:37  Zergling x2, Baneling  
  149  16:39  Zergling x2  
  150  16:40  Zergling x4  
  150  16:43  Zergling x2  
  150  16:44  Zergling x2  
  150  16:45  Zergling x2  
  150  16:46  Zergling x2  
  156  16:48  Zergling x2  
  156  16:49  Zergling x2  
  154  16:57  Mutalisk x3  
  154  17:01  Zergling x4  
  156  17:11  Baneling x12  
  156  17:13  Baneling  
  156  17:14  Baneling x4  
  156  17:15  Baneling  
  156  17:18  Zergling x2  
  157  17:24  Overlord, Zergling x6  
  157  17:27  Baneling  
  157  17:28  Baneling x4  
  160  17:30  Zergling x2  
  160  17:32  Zergling x2  
  160  17:35  Zergling x6  
  165  17:37  Zergling x2  
  165  17:41  Zergling x2  
  164  17:49  Zergling x2  
  156  17:54  Zergling x2  
  156  17:57  Zergling x4  
  156  17:58  Zergling x2  
  150  18:00  Zergling x4  
  150  18:01  Zergling x2  
  150  18:02  Zergling x2  
  150  18:03  Zergling x2  
  155  18:07  Zergling x2  
  156  18:13  Infestation Pit  
  156  18:16  Baneling x12  
  156  18:18  Zergling x2  
  156  18:19  Zergling x8  
  160  18:21  Baneling x7  
  160  18:22  Baneling x2  
  160  18:24  Overseer  
  160  18:26  Zergling x2  
  161  18:27  Baneling  
  161  18:28  Baneling x2  
  161  18:30  Baneling x3  
  161  18:33  Baneling x3  
  161  18:35  Baneling x2  
  161  18:38  Baneling x4  
  160  18:44  Baneling  
  160  18:45  Baneling x8  
  160  18:47  Zergling x2  
  159  18:53  Baneling x7  
  156  18:58  Overlord  
  156  19:02  Overlord  
  156  19:09  Zergling x12  
  136  19:12  Zergling x2  
  136  19:15  Zergling x2  
  105  19:17  Zergling x2  
  105  19:19  Zergling x2  
  105  19:23  Zergling x2  
  78  19:54  Zergling x8  
  81  20:14  Baneling x2  
  81  20:15  Baneling x2  
  81  20:16  Baneling  
  81  20:18  Zergling x8  
  85  20:28  Zergling x6  
  88  20:46  Hatchery  
  87  20:50  Zergling x2  
  73  21:08  Zergling x2  
  73  21:09  Spire  
  73  21:11  Zergling x2  
  71  21:12  Zergling x2  
  71  21:16  Zergling x2  
  70  21:19  Zergling x2  
  68  21:26  Zergling x2  
  68  21:27  Zergling x2  
  68  21:28  Zergling x2  
  71  21:33  Zergling x2  
  71  21:37  Zergling x2  
  71  21:39  Zergling x2  
  71  21:51  Drone x3  
  71  22:15  Zergling x14  
  73  22:20  Drone x2  
  74  22:23  Drone  
  74  22:26  Zergling x2  
  76  22:30  Zergling x2  
  76  22:31  Zergling x2  
  76  22:34  Zergling x2  
  78  22:38  Overseer  
  78  22:39  Zergling x2  
  78  22:44  Mutalisk  
  79  22:49  Mutalisk  
  83  22:52  Zergling x2  
  83  22:56  Mutalisk  
  84  23:01  Mutalisk  
  84  23:03  Zergling x2  
  75  23:06  Zergling x2  
  75  23:09  Zergling x2  

Tags
 
Add a new tag
Caveats
  • Supply blocks, unpowered buildings, or Contaminate may cause inaccurate times.
  • Supply counts are checked every 10 seconds.